 Dungeon Crawl Stone Soup version 0.21-a0-267-ga5fc350 (webtiles) character file.

12085 Impy the Fighter (level 11, -3/93 HPs)
             Began as a Demonspawn Monk on Sept 13, 2017.
             Was an Elder of Wu Jian.
             Splashed by a brown ugly thing's acid (5 damage)
             ... on level 11 of the Dungeon.
             The game lasted 01:15:29 (15509 turns).

Impy the Fighter (Demonspawn Monk)                 Turns: 15509, Time: 01:15:31

Health: -3/93      AC:  6    Str: 12    XL:     11   Next: 57%
Magic:  0/11       EV: 19    Int: 11    God:    Wu Jian [****..]
Gold:   511        SH:  0    Dex: 17    Spells: 9/10 levels left

rFire    + + .     SeeInvis .     - Unarmed
rCold    . . .     Gourm    .   (no shield)
rNeg     . . .     Faith    .   n - +2 leather armour {rF+}
rPois    +         Spirit   +   (no helmet)
rElec    .         Reflect  .   (no cloak)
rCorr    .         Harm     .   (no gloves)
MR       .....                  p - +0 pair of boots
Stlth    ++........             (no amulet)
HPRegen  0.25/turn              w - ring of poison resistance
MPRegen  0.24/turn              z - ring of protection from fire

@: exhausted, corroded
A: icy blue scales 2, clumsy 1, foul stench 1, shaggy fur 1, magic shield, magic
regeneration, magic link, rot immunity
a: Serpent's Lash, Renounce Religion


You were on level 11 of the Dungeon.
You worshipped Wu Jian.
Wu Jian was greatly pleased with you.
You were not hungry.

You visited 2 branches of the dungeon, and saw 12 of its levels.

You collected 550 gold pieces.
You spent 39 gold pieces at shops.

Inventory:

Hand Weapons
 k - a +1 dagger of chaos
 l - a +2 whip of freezing
 B - a +0 whip of draining
Missiles
 o - 6 tomahawks of returning (quivered)
Armour
 a - a +1 robe
 i - a +0 pair of gloves
 n - a +2 leather armour of fire resistance (worn)
 p - a +0 pair of boots (worn)
 r - a +0 buckler
 u - a +2 robe of cold resistance
 L - a +2 robe
 N - a +1 robe of cold resistance
Jewellery
 j - an uncursed ring of fire
 q - an uncursed ring of ice
 w - a ring of poison resistance (left hand)
 z - a ring of protection from fire (right hand)
 K - an uncursed ring of stealth
 M - an uncursed ring of ice
Wands
 c - a wand of iceblast (5/15)
 t - a wand of acid (9/15)
 x - a wand of digging (9/24)
 C - a wand of flame (20/48)
 D - a wand of disintegration (10/24)
 H - a wand of scattershot (4/9)
Scrolls
 d - a scroll of magic mapping
 e - 3 scrolls of amnesia
 g - 6 scrolls of remove curse
 s - 2 scrolls of fog
 y - 2 scrolls of enchant armour
 F - 2 scrolls of vulnerability
 O - a scroll of identify
Potions
 v - 2 potions of cancellation
 A - a potion of ambrosia
 J - a potion of brilliance
Books
 E - a book of Changes

   Spells                             Type                      Level
   a - Beastly Appendage              Transmutation                1
   b - Sticks to Snakes               Transmutation                2
   c - Spider Form                    Transmutation/Poison         3
   d - Ice Form                       Ice/Transmutation            4
   e - Blade Hands                    Transmutation                5
 G - a book of Debilitation

   Spells                             Type                      Level
   a - Corona                         Hexes                        1
   b - Slow                           Hexes                        2
   c - Inner Flame                    Hexes/Fire                   3
   d - Portal Projectile              Hexes/Translocation          3
   e - Cause Fear                     Hexes                        4
   f - Leda's Liquefaction            Hexes/Earth                  4
 I - a book of Geomancy

   Spells                             Type                      Level
   a - Sandblast                      Earth                        1
   b - Passwall                       Transmutation/Earth          2
   c - Stone Arrow                    Conjuration/Earth            3
   d - Petrify                        Transmutation/Earth          4
   e - Lee's Rapid Deconstruction     Earth                        5
Comestibles
 b - a bread ration
 f - 6 royal jellies
 h - 3 fruits
 m - 5 meat rations


   Skills:
 + Level 11.1 Fighting
 + Level 10.3 Dodging
 - Level 1.7 Stealth
 + Level 10.3 Unarmed Combat


You had 9 spell levels left.
You knew the following spells:

 Your Spells              Type           Power        Failure   Level  Hunger
a - Beastly Appendage     Tmut           #.....       41%         1    ##.....


Dungeon Overview and Level Annotations

Branches:
Dungeon (11/15)            Temple (0/1) D:6            Lair (1/6) D:9
    Orc (0/2) D:10

Altars:
Gozag
Wu Jian

Shops:
D:6 (   D:7 *

Annotations:
D:6 Crazy Yiuf


Innate Abilities, Weirdness & Mutations

You are mostly covered in icy blue scales. (AC +3)
You may emit foul miasma when damaged in melee.
When hurt, damage is shared between your health and your magic reserves.
You regenerate magic rapidly.
When low on magic, you restore magic in place of health.
You are immune to rotting.
You are clumsy. (Dex -2)
You are covered in fur. (AC +1)


Message History

Okay, then.
Okay, then.
Your muscles tense, ready for explosive movement...
You can no longer summon a storm of heavenly clouds to empower your attacks.
You spin and attack the brown ugly thing with incredible momentum.
You closely miss the brown ugly thing.
The brown ugly thing is severely wounded.
Swooosh!
Unknown command.
You attack the brown ugly thing from above with incredible momentum.
You hit the brown ugly thing but do no damage.
The brown ugly thing is severely wounded.
ZOOOM!
You spin and attack the brown ugly thing.
You barely miss the brown ugly thing.
The brown ugly thing is severely wounded.
The brown ugly thing pecks you!
* * * LOW HITPOINT WARNING * * *
You are splashed with acid!
The acid burns!
You die...

#....#....#
####....#....#
#.......#....#
#.......#....#
#.......'....#
#.......###..#
#.........#.....
#....)..†.#......
#.....§§@.#.......
#.....§.u§#.......
#.....§§§.#...Y...
#.........#
#.........#
#.........##
####.......#
#....#### #....#
#######


You could see a brown ugly thing.

Vanquished Creatures
  Erolcha (D:11)
  Fannar (D:11)
  2 two-headed ogres
  Pikel (D:6)
  An ugly thing (D:11)
  Psyche (D:9)
  A centaur zombie (D:9)
  2 hippogriffs
  A human (D:7)
  2 basilisks (D:9)
  11 yaks
  4 hogs (D:7)
  A water moccasin (D:10)
  Duvessa (D:4)
  2 porcupines (D:9)
  4 orc warriors
  2 black bears (D:8)
  2 sky beasts
  3 ice beasts
  An eye of draining (D:9)
  3 phantoms
  4 ogres
  2 centaurs
  A big kobold (D:11)
  4 bullfrogs
  A water moccasin zombie (D:5)
  Dowan (D:4)
  4 scorpions
  A water moccasin skeleton (D:9)
  6 wights
  9 killer bees
  4 howler monkeys
  5 crimson imps
  A bullfrog zombie (D:8)
  4 hounds
  A jelly (D:10)
  4 orc priests
  A bullfrog skeleton (D:9)
  9 orc wizards
  3 iguanas
  7 worker ants
  A killer bee zombie (D:6)
  A hound zombie (D:5)
  3 gnolls
  19 adders
  A shadow imp (D:10)
  2 oozes
  2 adder skeletons
  2 adder zombies
  4 worms
  2 dart slugs
  10 leopard geckos
  42 orcs
  8 bats
  8 giant cockroaches
  7 goblins
  8 hobgoblins
  8 jackals (D:5)
  A quokka (D:9)
  A ball python (D:1)
  A ball python skeleton (D:4)
  2 frilled lizards (D:2)
  A jackal skeleton (D:4)
  10 kobolds
  A quokka zombie (D:7)
  6 rats
270 creatures vanquished.

Vanquished Creatures (others)
  An orc wizard (D:9)
  11 plants (D:9)
12 creatures vanquished.

Grand Total: 282 creatures vanquished

Notes
Turn   | Place    | Note
-------+----------+-------------------------------------------
     0 | D:1      | Impy the Demonspawn Monk began the quest for the Orb.
     0 | D:1      | Reached XP level 1. HP: 18/18 MP: 1/1
   477 | D:1      | Gained mutation: You are partially covered in icy blue scales. (AC +2) [demonic ancestry]
   477 | D:1      | Reached XP level 2. HP: 22/24 MP: 2/2
   931 | D:1      | Gained mutation: You are immune to rotting. [demonic ancestry]
   931 | D:1      | Reached XP level 3. HP: 21/29 MP: 3/3
  1552 | D:2      | Reached XP level 4. HP: 35/35 MP: 4/4
  2268 | D:3      | Gained mutation: When hurt, damage is shared between your health and your magic reserves. [demonic ancestry]
  2268 | D:3      | Reached XP level 5. HP: 13/42 MP: 5/5
  2981 | D:3      | Reached skill level 4 in Fighting
  3749 | D:4      | Noticed an ogre
  4210 | D:4      | Found an ornate altar of the Wu Jian Council.
  4213 | D:4      | Became a worshipper of the Wu Jian Council
  4213 | D:4      | Reached * piety under Wu Jian
  4213 | D:4      | Reached ** piety under Wu Jian
  4327 | D:4      | Noticed Duvessa
  4328 | D:4      | Noticed Dowan
  4355 | D:5      | Entered Level 5 of the Dungeon
  4377 | D:5      | Gained mutation: You are clumsy. (Dex -2) [potion of mutation]
  4377 | D:5      | Gained mutation: You are covered in fur. (AC +1) [potion of mutation]
  4400 | D:5      | Reached XP level 6. HP: 48/48 MP: 6/6
  5455 | D:5      | Found an opulent altar of Gozag.
  5593 | D:5      | Reached skill level 5 in Fighting
  5593 | D:5      | Gained mutation: You are mostly covered in icy blue scales. (AC +3) [demonic ancestry]
  5593 | D:5      | Reached XP level 7. HP: 23/56 MP: 5/7
  5838 | D:5      | Reached skill level 5 in Dodging
  5976 | D:5      | Reached skill level 5 in Unarmed Combat
  6151 | D:4      | Killed Duvessa
  6862 | D:4      | Killed Dowan
  6928 | D:6      | Noticed Pikel
  6944 | D:5      | Reached skill level 6 in Fighting
  6944 | D:5      | Gained mutation: You regenerate magic rapidly. [demonic ancestry]
  6944 | D:5      | Reached XP level 8. HP: 63/64 MP: 8/8
  7307 | D:6      | Reached *** piety under Wu Jian
  7416 | D:6      | Killed Pikel
  7416 | D:6      | Reached skill level 7 in Fighting
  7459 | D:6      | Found Xaosulu's Weapon Shoppe.
  7852 | D:6      | Found a runed door.
  7856 | D:6      | Noticed Crazy Yiuf
  8002 | D:6      | Found a staircase to the Ecumenical Temple.
  8131 | D:7      | Gained mutation: When low on magic, you restore magic in place of health. [demonic ancestry]
  8131 | D:7      | Reached XP level 9. HP: 66/72 MP: 9/9
  8222 | D:7      | Reached skill level 8 in Fighting
  9001 | D:7      | Found Utekk's General Store.
  9014 | D:7      | Bought a scroll of teleportation for 39 gold pieces
 10205 | D:8      | Noticed a two-headed ogre
 10475 | D:8      | Reached XP level 10. HP: 23/82 MP: 4/10
 11254 | D:8      | Killed a two-headed ogre
 11254 | D:8      | Reached skill level 9 in Fighting
 11597 | D:9      | Found a staircase to the Lair.
 11889 | D:9      | Reached **** piety under Wu Jian
 12602 | D:9      | Noticed Psyche
 12673 | D:9      | Noticed a two-headed ogre
 12695 | D:9      | HP: 1/85 [two-headed ogre/giant spiked club (15)]
 12701 | Lair:1   | Entered Level 1 of the Lair of Beasts
 12749 | D:8      | HP: 3/85 [bullfrog (1)]
 13142 | D:8      | Reached skill level 10 in Fighting
 13281 | D:9      | Learned a level 1 spell: Beastly Appendage
 13374 | D:9      | Killed a two-headed ogre
 13374 | D:9      | Gained mutation: You may emit foul miasma when damaged in melee. [demonic ancestry]
 13374 | D:9      | Reached XP level 11. HP: 80/91 MP: 9/11
 13384 | D:9      | Killed Psyche
 13972 | D:10     | Entered Level 10 of the Dungeon
 14302 | D:10     | Found a staircase to the Orcish Mines.
 14399 | D:10     | Reached ***** piety under Wu Jian
 14830 | D:11     | Noticed Erolcha
 14843 | D:11     | Killed Erolcha
 14920 | D:11     | Noticed a red ugly thing
 14952 | D:11     | Killed a red ugly thing
 14952 | D:11     | Reached skill level 10 in Dodging
 14952 | D:11     | Reached skill level 10 in Unarmed Combat
 15241 | D:11     | Noticed Fannar
 15262 | D:11     | Killed Fannar
 15262 | D:11     | Reached skill level 11 in Fighting
 15464 | D:11     | Noticed a brown ugly thing
 15509 | D:11     | HP: 2/93 [brown ugly thing (5)]
 15509 | D:11     | Splashed by a brown ugly thing's acid

Vault maps used:
D:1:      minmay_arrival_nine_rooms
D:2:      first_bread, minmay_pentomino_v2
D:3:      minivault_26, minmay_item_behind_shaft, serial_bayou_crossing
D:4:      kennysheep_mini, uniq_duvessa
D:5:      kennysheep_small_spiral, minivault_11, grunt_gozag_statues
D:6:      minmay_temple_entry_junction, serial_shops,
          nicolae_shop_window_shopping, uniq_pikel, uniq_crazy_yiuf_cottage
D:7:      serial_shops, shop, grunt_livestock
D:9:      minmay_lair_entry_grove, uniq_psyche
D:10:     hiddenorc1_lemuel
D:11:     onia_ninara_dug_in_and_dangerous, uniq_maurice, uniq_erolcha,
          uniq_fannar
Lair:1:   nicolae_volcano_entry_vermiform, lemuel_altar_in_water2

Skill      XL: |  1  2  3  4  5  6  7  8  9 10 11 |
---------------+----------------------------------+-----
Unarmed Combat | 3 4 5 6 8 9 10 | 10.3
Dodging        | 3 4 5 6 8 9 10 | 10.3
Fighting       | 4 5 6 7 8 10 11 | 11.1
Stealth        | |  1.7

Action                   |  1- 3 |  4- 6 |  7- 9 | 10-12 || total
-------------------------+-------+-------+-------+-------++-------
Melee: Unarmed           |   127 |   433 |   650 |   641 ||  1851
       Punch             |     1 |     5 |    22 |    32 ||    60
       Headbutt          |       |       |       |     6 ||     6
Throw: Tomahawk          |       |    24 |     8 |     4 ||    36
 Cast: Beastly Appendage |       |       |       |     3 ||     3
Invok: Serpent's Lash    |       |       |       |     2 ||     2
Evoke: Wand              |       |       |     2 |       ||     2
  Use: Scroll            |     8 |     4 |     6 |     7 ||    25
       Potion            |     1 |     9 |     4 |     1 ||    15
 Stab: Sleeping          |     4 |     5 |     1 |       ||    10
       Invisible         |     2 |       |       |       ||     2
       Distracted        |       |     1 |     1 |       ||     2
  Eat: Chunk             |     2 |     6 |     2 |     7 ||    17
       Bread ration      |       |     2 |     2 |     1 ||     5
       Meat ration       |       |       |     1 |     1 ||     2
Armor: Robe              |    25 |    23 |       |       ||    48
       Leather armour    |       |    94 |   155 |   121 ||   370
Dodge: Dodged            |    90 |   220 |   413 |   342 ||  1065

Table legend:
 A = Spawn XP
 B = Non-spawn XP
 C = Spawn XP percentage of total XP
 D = Spawn monster count
 E = Non-spawn monster count
 F = Spawn count percentage of total count
 G = Total turns spent on level
                    A         B        C        D         E        F      G
               +---------+---------+-------+---------+---------+-------+---------
         Total |       0 |   17265 |   0.0 |       0 |     270 |   0.0 | 15509
               +---------+---------+-------+---------+---------+-------+---------
           D:1 |       0 |      43 |   0.0 |       0 |      19 |   0.0 |  1007
           D:2 |       0 |     126 |   0.0 |       0 |      25 |   0.0 |  1228
           D:3 |       0 |     150 |   0.0 |       0 |      23 |   0.0 |  1528
           D:4 |       0 |     438 |   0.0 |       0 |       9 |   0.0 |  1712
           D:5 |       0 |     687 |   0.0 |       0 |      29 |   0.0 |  1502
           D:6 |       0 |    1344 |   0.0 |       0 |      17 |   0.0 |  1225
           D:7 |       0 |    2566 |   0.0 |       0 |      32 |   0.0 |  2340
           D:8 |       0 |    1875 |   0.0 |       0 |      17 |   0.0 |  1438
           D:9 |       0 |    5013 |   0.0 |       0 |      49 |   0.0 |  1987
          D:10 |       0 |     953 |   0.0 |       0 |      26 |   0.0 |   802
          D:11 |       0 |    4070 |   0.0 |       0 |      24 |   0.0 |   735
               +---------+---------+-------+---------+---------+-------+---------
